 Dungeon Crawl Stone Soup version 0.20-a0-370-gd6af2a4 (webtiles) character file.

40308 tboon the Severer (level 13, -3/119 HPs)
             Began as a Minotaur Berserker on Dec 27, 2016.
             Was a High Priest of Trog.
             Killed from afar by a frost giant (24 damage)
             ... with a bolt of cold
             ... in an ice cave.
             The game lasted 01:13:05 (18309 turns).

tboon the Severer (Minotaur Berserker)             Turns: 18309, Time: 01:13:06

Health: -3/119     AC: 21    Str: 24    XL:     13   Next: 73%
Magic:  12/12      EV: 11    Int:  5    God:    Trog [*****.]
Gold:   819        SH: 17    Dex: 12    Spells: 12/12 levels left

rFire  + . .     SeeInvis .     a - +2 war axe
rCold  + . .     Gourm    .     d - +0 plate armour {rC+}
rNeg   . . .     Faith    .     t - +0 shield
rPois  +         Spirit   .     (helmet restricted)
rElec  .         Reflect  +     v - +0 cloak
rCorr  .         Harm     .     R - +1 pair of gloves
MR     .....                    r - +0 pair of boots
Stlth  ..........               y - +5 amulet of reflection
                                M - ring of protection from fire {rF+, !d}
                                l - ring of poison resistance {rPois, !d}

@: frozen, very slow
A: retaliatory headbutt, horns 2
a: Berserk, Trog's Hand, Brothers in Arms, Burn Spellbooks, Renounce Religion


You were in an ice cave.
You worshipped Trog.
Trog was extremely pleased with you.
You were near starving.

You visited 2 branches of the dungeon, and saw 16 of its levels.
You visited the Abyss 1 time.
You also visited: Ice Cave.

You collected 1144 gold pieces.
You spent 325 gold pieces at shops.

Inventory:

Hand Weapons
 a - a +2 war axe (weapon)
   (You found it on level 5 of the Dungeon)
 b - a +1 flail of protection
   (You took it off an orc on level 7 of the Dungeon)
Armour
 d - a +0 plate armour of cold resistance (worn)
   (You found it in an ice cave)
 r - a +0 pair of boots (worn)
   (You found it on level 5 of the Dungeon)
 t - a +0 shield (worn)
   (You found it on level 4 of the Lair of Beasts)
 v - a +0 cloak (worn)
   (You found it on level 4 of the Dungeon)
 J - a +1 chain mail of fire resistance
   (You found it on level 2 of the Lair of Beasts)
 R - a +1 pair of gloves (worn)
   (You found it on level 9 of the Dungeon)
Jewellery
 l - a ring of poison resistance (left hand) {rPois, !d}
   (You found it on level 2 of the Dungeon)
 y - a +5 amulet of reflection (around neck)
   (You bought it in a shop on level 7 of the Dungeon)
 M - a ring of protection from fire (right hand) {rF+, !d}
   (You found it on level 9 of the Dungeon)
 N - an uncursed ring of ice {rC+, rF-}
   (You found it on level 10 of the Dungeon)
 T - an uncursed ring of resist corrosion
   (You found it on level 3 of the Lair of Beasts)
 W - an uncursed ring of see invisible {sInv, !d}
   (You found it on level 3 of the Lair of Beasts)
Wands
 i - a wand of flame (36/48)
   (You found it on level 1 of the Lair of Beasts)
 A - a wand of acid (5/15)
   (You found it on level 4 of the Lair of Beasts)
 S - a wand of lightning (6/15)
   (You found it on level 9 of the Dungeon)
 X - a wand of digging (12/24)
   (You found it on level 4 of the Lair of Beasts)
Scrolls
 h - 6 scrolls of remove curse
 j - 2 scrolls of blinking {unknown}
 n - 2 scrolls of immolation {!r}
 p - 5 scrolls of fog
 u - a scroll of silence {unknown}
 w - a scroll of amnesia {unknown}
 x - 3 scrolls of teleportation
 C - a scroll of brand weapon {unknown}
 D - 3 scrolls of recharging
 I - 2 scrolls of enchant weapon
 L - a scroll of magic mapping {!r}
 O - a scroll of identify
 U - a scroll of fear {unknown}
Potions
 e - 7 potions of flight
 f - 2 potions of heal wounds
 g - 2 potions of ambrosia {unknown}
 k - 8 potions of curing
 m - a potion of degeneration {unknown}
 o - 3 potions of haste
 s - 2 potions of berserk rage {unknown}
 z - 4 potions of brilliance
 B - 2 potions of might {unknown}
 E - a potion of lignification {unknown}
 F - a potion of beneficial mutation {unknown}
 G - a potion of invisibility {unknown}
 P - a potion of resistance
 V - 2 potions of cure mutation {!q}
Comestibles
 c - 17 bread rations
 q - 6 fruits
 H - 6 meat rations
 K - 16 chunks of flesh
 Q - 7 royal jellies


   Skills:
 + Level 12.4 Fighting
 * Level 16.6 Axes
 + Level 12.2 Armour
 + Level 11.2 Dodging
 + Level 9.7 Shields


You had 12 spell levels left.
You didn't know any spells.

Dungeon Overview and Level Annotations

Branches:
Dungeon (10/15)            Temple (0/1) D:5            Lair (6/6) D:8
 Shoals (0/4) Lair:3        Snake (0/4) Lair:4        Slime (0/5) Lair:5
    Orc: D:9-12

Altars:
Fedhas
Gozag
Hepliaklqana
Nemelex Xobeh
Okawaru
Qazlal
Ru
Trog
Zin
Jiyva

Shops:
D:5 (   D:7 =

Annotations:
D:10 exclusion: oklob plant
Lair:3 exclusion: 2 oklob plants


Innate Abilities, Weirdness & Mutations

You reflexively headbutt those who attack you in melee.
You have a pair of horns on your head.


Message History

You slash the frost giant!
The frost giant is moderately wounded.
You slash the polar bear! You closely miss the polar bear.
You block the polar bear's attack.
The polar bear claws you but does no damage.
You block the polar bear's attack.
The frost giant hits you with a battleaxe of freezing!!
The frost giant freezes you.
The polar bear bites you but does no damage.
The polar bear closely misses you.
The polar bear claws you but does no damage.
Your troll goes berserk!
You feel quite a bit more hungry. You block the polar bear's attack.
The polar bear claws you but does no damage.
The polar bear barely misses you. You block the polar bear's attack.
The polar bear claws you but does no damage.
You block the polar bear's attack.
You swap places.
The frost giant hits your troll with a battleaxe of freezing!!
The frost giant freezes your troll.
Your troll bites the polar bear.
Your troll claws the polar bear!!
Your troll barely misses the polar bear.
The polar bear goes berserk!
The polar bear bites your troll but does no damage.
The polar bear claws your troll. The polar bear misses your troll.
Your troll barely misses the polar bear.
Your troll claws the polar bear! x2
The polar bear closely misses your troll.
The polar bear claws your troll. x2
The frost giant barely misses your troll.
The polar bear bites your troll.
The polar bear closely misses your troll.
The polar bear claws your troll.
Your troll barely misses the polar bear.
Your troll claws the polar bear but does no damage.
Your troll closely misses the polar bear.
You catch the helpless polar bear completely off-guard!
You slash the polar bear!
You kill the polar bear!
Trog accepts your kill.
You are near starving!
Your troll bites the polar bear!!
The polar bear dies!
Trog accepts your kill.
The frost giant hits your troll with a battleaxe of freezing!
The frost giant freezes your troll.
Your troll dies!
Your troll's corpse disappears in a puff of smoke!
Some of the chunks of flesh in your inventory have rotted away.
Press: ? - help, v - describe, . - travel An ice covered rock wall.
You feel the effects of Trog's Hand fading.
The rime drake barely misses you. The frost giant casts a spell at you.
The bolt of cold hits you! You resist. The rime drake breathes ice at you.
The flash freeze hits you! You partially resist.
* * * LOW HITPOINT WARNING * * *
You are encased in ice.
You see here a polar bear corpse.
You feel much better. You block the rime drake's attack.
You're too hungry.
You hit the frost giant but do no damage.
The frost giant is moderately wounded.
You hit the rime drake. The frost giant completely misses you.
You furiously retaliate!
You headbutt the frost giant. You block the rime drake's attack.
You hit the frost giant. You headbutt the frost giant.
The frost giant is moderately wounded.
You closely miss the rime drake. You hit the frost giant.
You headbutt the frost giant, but do no damage.
The frost giant is moderately wounded.
You hit the rime drake. The ice encasing you melts away.
You block the rime drake's attack. The frost giant casts a spell at you.
The bolt of cold hits you! You resist.
You slice the frost giant!! You headbutt the frost giant!
The frost giant is severely wounded.
You slash the rime drake! You block the rime drake's attack.
The frost giant points at you and mumbles some strange words.
The bolt of cold hits you! You resist.
* * * LOW HITPOINT WARNING * * *
You hit the frost giant.
The frost giant is severely wounded.
You hit the rime drake.
Your skin stops crawling.
You feel less resistant to hostile enchantments.
The rime drake breathes ice at you. The flash freeze hits you!
You partially resist.
* * * LOW HITPOINT WARNING * * *
You are encased in ice.
You slice the frost giant!!
You headbutt the frost giant, but do no damage.
The frost giant is almost dead.
You hit the rime drake. The frost giant casts a spell at you.
The bolt of cold hits you! You resist.
You die... .h. # kC.

### #.. ..### #.h #...# ##..
#..## ≈ ##.. ###.####≈≈≈##..##
####..##≈≈≈###hk###
##...##≈≈≈≈≈≈##C@.### ###
###..#≈≈≈≈≈≈≈≈#.##≈.#####.###
#..###≈≈≈≈≈≈≈≈≈≈.#.#..##.#..###
##..##≈≈≈≈≈≈≈##.#)####..####..#
###..##≈≈≈≈≈≈≈##[.####### #..###
#...####≈≈≈# ####...### ##...##
#..####≈≈≈######....#...###..⌠..#
..#.##÷≈##..##.....####..###...##
...#.≈######......## ##......##


You could see a frost giant, a polar bear and a rime drake.

Vanquished Creatures
  A fire dragon (Lair:4)
  Josephine (Lair:4)
  A hydra (Lair:5)
  7 death yaks
  An unseen horror (D:10)
  An orc knight (D:10)
  The ghost of Apostate the Cutter, a novice DsGl of Uskayaw (D:5)
  An ice statue (IceCv)
  3 black mambas
  7 spiny frogs
  2 rime drakes
  4 komodo dragons
  An efreet (D:10)
  14 polar bears
  A troll (D:9)
  2 hornets
  7 dream sheep (Lair:4)
  11 blink frogs
  8 hippogriffs
  A shadow (D:10)
  43 yaks
  A wyvern (Lair:6)
  3 wraiths (Lair:4)
  A fire bat (shapeshifter) (D:10)
  A hungry ghost (D:8)
  6 basilisks
  2 nagas (Lair:4)
  13 porcupines
  12 water moccasins
  Duvessa (D:6)
  2 ice beasts
  2 orc warriors (D:7)
  An eye of draining (D:9)
  2 phantoms
  3 sky beasts
  A necrophage (D:8)
  5 ogres
  23 wolves
  2 centaurs
  11 crocodiles
  19 bullfrogs
  Blork the orc (D:4)
  Dowan (D:6)
  2 scorpions
  A water moccasin skeleton (D:5)
  8 killer bees (D:8)
  3 howler monkeys
  2 crimson imps
  A bullfrog zombie (D:6)
  2 centaur zombies
  A quasit (D:6)
  6 orc priests
  6 orc wizards
  8 hounds
  3 jellies (D:9)
  A centaur skeleton (D:10)
  A bullfrog skeleton (D:5)
  4 iguanas
  Ijyb (D:2)
  Crazy Yiuf (D:4)
  4 worker ants
  Natasha (twice) (D:2)
  7 hell rats
  A hound zombie (D:5)
  A hound skeleton (D:8)
  3 worker ant zombies
  16 adders
  10 gnolls
  A howler monkey skeleton (D:7)
  7 shadow imps
  12 white imps (Lair:6)
  9 oozes
  3 adder skeletons
  A worm (D:3)
  3 dart slugs
  5 leopard geckos
  28 orcs
  9 bats
  3 giant cockroaches
  10 goblins
  7 hobgoblins
  9 jackals
  12 kobolds
  5 quokkas
  2 ball pythons (D:3)
  6 frilled lizards
  A jackal zombie (D:5)
  11 rats
  5 fungi
  A plant (D:8)
476 creatures vanquished.

Vanquished Creatures (collateral kills)
  A polar bear (IceCv)
1 creature vanquished.

Vanquished Creatures (others)
  A polar bear (IceCv)
  2 yaks (IceCv)
  A wolf (IceCv)
  A centaur (D:9)
  A bush (D:8)
  10 fungi
  23 plants
39 creatures vanquished.

Grand Total: 516 creatures vanquished

Notes
Turn   | Place    | Note
-------+----------+-------------------------------------------
     0 | D:1      | tboon the Minotaur Berserker began the quest for the Orb.
     0 | D:1      | Reached XP level 1. HP: 19/19 MP: 0/0
   204 | D:1      | Reached XP level 2. HP: 27/27 MP: 1/1
   253 | D:1      | Reached skill level 4 in Axes
   423 | D:1      | Reached skill level 4 in Fighting
  1019 | D:2      | Reached XP level 3. HP: 33/33 MP: 2/2
  1092 | D:2      | Reached ** piety under Trog
  1148 | D:2      | Found a bloodstained altar of Trog.
  1263 | D:2      | Reached skill level 3 in Armour
  1633 | D:2      | Noticed Natasha
  1638 | D:2      | Killed Natasha
  1638 | D:2      | Reached XP level 4. HP: 40/41 MP: 3/3
  1655 | D:2      | Noticed Ijyb
  1680 | D:2      | Killed Ijyb
  1680 | D:2      | Reached skill level 5 in Axes
  2126 | D:2      | Noticed Natasha
  2133 | D:2      | Killed Natasha
  2133 | D:2      | Reached XP level 5. HP: 37/47 MP: 4/4
  2488 | D:3      | Reached skill level 3 in Dodging
  2770 | D:3      | Reached skill level 5 in Fighting
  2793 | D:3      | Reached *** piety under Trog
  3023 | D:3      | Reached skill level 4 in Armour
  3053 | D:3      | Reached XP level 6. HP: 38/56 MP: 5/5
  3436 | D:3      | Found an opulent altar of Gozag.
  3437 | D:3      | Found a glowing silver altar of Zin.
  3536 | D:4      | Noticed Blork the orc
  3539 | D:4      | Killed Blork the orc
  3539 | D:4      | Reached skill level 6 in Axes
  3626 | D:4      | Reached XP level 7. HP: 58/62 MP: 6/6
  3677 | D:4      | Reached skill level 4 in Dodging
  3749 | D:4      | Reached skill level 5 in Armour
  3964 | D:4      | Reached skill level 6 in Fighting
  4001 | D:4      | Reached skill level 7 in Axes
  4076 | D:4      | Reached **** piety under Trog
  4350 | D:4      | Found a runed door.
  4355 | D:4      | Noticed Crazy Yiuf
  4361 | D:4      | Killed Crazy Yiuf
  4367 | D:4      | Got a smoking mace
  4448 | D:5      | Entered Level 5 of the Dungeon
  4503 | D:5      | Reached XP level 8. HP: 47/71 MP: 7/7
  4505 | D:5      | Noticed Apostate's ghost (novice DsGl)
  4525 | D:5      | Killed Apostate's ghost
  4525 | D:5      | Reached skill level 7 in Fighting
  4525 | D:5      | Reached skill level 8 in Axes
  4525 | D:5      | Reached skill level 6 in Armour
  4525 | D:5      | Reached skill level 5 in Dodging
  4753 | D:5      | Found a staircase to the Ecumenical Temple.
  5048 | D:5      | Found Duopnuj's Antique Weapon Boutique.
  5106 | D:5      | Identified the cursed +1 mace "X" {flame, +Rage} (You found it on level 4 of the Dungeon)
  5139 | D:6      | Reached skill level 9 in Axes
  5575 | D:6      | Reached skill level 6 in Dodging
  5585 | D:6      | Reached XP level 9. HP: 75/79 MP: 8/8
  5707 | D:6      | Noticed Duvessa
  5707 | D:6      | Noticed Dowan
  5712 | D:6      | Killed Duvessa
  5712 | D:6      | Reached skill level 7 in Armour
  5714 | D:6      | Killed Dowan
  6073 | D:7      | Reached skill level 10 in Axes
  6089 | D:7      | Reached ***** piety under Trog
  6089 | D:7      | Reached skill level 8 in Fighting
  6586 | D:7      | Found Tesunylo's Jewellery Shop.
  6589 | D:7      | Bought a +5 amulet of reflection for 325 gold pieces
  6706 | D:7      | Reached skill level 1 in Shields
  6808 | D:7      | Cast into level 2 of the Abyss (a distortion unwield)
  6859 | D:7      | Escaped the Abyss
  7016 | D:7      | Reached skill level 7 in Dodging
  7016 | D:7      | Reached skill level 2 in Shields
  7033 | D:7      | Found an iron altar of Okawaru.
  7187 | D:8      | Found a sparkling altar of Nemelex Xobeh.
  7232 | D:8      | Reached skill level 8 in Armour
  7266 | D:8      | Got an ichor-stained ring mail
  7301 | D:8      | Reached skill level 11 in Axes
  7302 | D:8      | Reached XP level 10. HP: 87/90 MP: 9/9
  7308 | D:8      | Reached skill level 3 in Shields
  7694 | D:8      | Found a staircase to the Lair.
  7726 | D:8      | Reached skill level 9 in Fighting
  7729 | D:8      | HP: 32/136 [crocodile (4)]
  7734 | D:8      | Reached skill level 4 in Shields
  8263 | D:8      | Reached skill level 12 in Axes
  8420 | D:9      | Found a blossoming altar of Fedhas.
  8442 | D:9      | Received a gift from Trog
  8442 | D:9      | Reached skill level 9 in Armour
  8491 | D:9      | Reached skill level 8 in Dodging
  8794 | D:10     | Entered Level 10 of the Dungeon
  8835 | D:10     | Killed an unseen horror
  8995 | D:10     | Reached skill level 5 in Shields
  8995 | D:10     | Reached XP level 11. HP: 97/97 MP: 10/10
  9074 | D:10     | Noticed an orc knight
  9104 | D:10     | Killed an orc knight
  9449 | D:10     | Noticed an oklob plant
  9478 | D:10     | Found a stormy altar of Qazlal.
  9635 | D:10     | Found a sacrificial altar of Ru.
 10119 | D:8      | Identified the +2 ring mail "Qumiov Hyvea" {Str+5} (You found it on level 8 of the Dungeon)
 10123 | Lair:1   | Entered Level 1 of the Lair of Beasts
 10132 | Lair:1   | Reached skill level 10 in Fighting
 10132 | Lair:1   | Reached skill level 13 in Axes
 10858 | Lair:1   | Reached skill level 6 in Shields
 11132 | Lair:1   | Reached skill level 10 in Armour
 11157 | Lair:1   | Reached skill level 9 in Dodging
 12006 | Lair:2   | Found a hazy altar of Hepliaklqana.
 12205 | Lair:2   | Reached skill level 14 in Axes
 12517 | Lair:2   | Reached XP level 12. HP: 90/108 MP: 11/11
 12776 | Lair:3   | Reached skill level 7 in Shields
 13199 | Lair:3   | Received a gift from Trog
 13608 | Lair:3   | Found a staircase to the Shoals.
 13946 | Lair:4   | Reached skill level 11 in Fighting
 13951 | Lair:4   | Noticed Josephine
 13984 | Lair:4   | Killed Josephine
 14236 | Lair:4   | Reached skill level 11 in Armour
 14236 | Lair:4   | Reached skill level 8 in Shields
 14245 | Lair:4   | Noticed a death yak
 14246 | Lair:4   | Noticed a death yak
 14263 | Lair:4   | Killed a death yak
 14263 | Lair:4   | Reached skill level 15 in Axes
 14263 | Lair:4   | Reached skill level 10 in Dodging
 14278 | Lair:4   | Killed a death yak
 14646 | Lair:4   | Found a staircase to the Snake Pit.
 14867 | Lair:4   | Noticed a death yak
 14870 | Lair:4   | Noticed a death yak
 14870 | Lair:4   | Noticed a death yak
 14885 | Lair:4   | Killed a death yak
 14895 | Lair:4   | Killed a death yak
 14907 | Lair:4   | Killed a death yak
 15304 | Lair:4   | Noticed a fire dragon
 15329 | Lair:4   | Killed a fire dragon
 15528 | Lair:4   | Got a polished dagger
 15784 | Lair:5   | Reached XP level 13. HP: 117/117 MP: 12/12
 16509 | Lair:5   | Found a viscous altar of Jiyva.
 16509 | Lair:5   | Found a staircase to the Slime Pits.
 16836 | Lair:6   | Entered Level 6 of the Lair of Beasts
 16849 | Lair:5   | Reached skill level 12 in Fighting
 17033 | Lair:5   | Reached skill level 9 in Shields
 17120 | Lair:6   | Reached ****** piety under Trog
 17123 | Lair:6   | Reached skill level 16 in Axes
 17201 | Lair:6   | Received a gift from Trog
 17215 | Lair:6   | Found a frozen archway.
 17240 | Lair:6   | Paralysed by a hornet for 3 turns
 17250 | IceCv    | Entered an ice cave
 17926 | IceCv    | Reached skill level 11 in Dodging
 17931 | IceCv    | Reached skill level 12 in Armour
 18275 | IceCv    | Noticed a frost giant
 18308 | IceCv    | HP: 21/119 [rime drake/flash freeze (14)]
 18309 | IceCv    | Killed from afar by a frost giant

Vault maps used:
D:1:      dpeg_arrival_pond, minmay_close_crescents
D:2:      overflow_temple_1_default, serial_forest,
          infiniplex_forest_straight_4, infiniplex_forest_clump_diagonal,
          infiniplex_forest_clump_C, infiniplex_forest_end_3,
          infiniplex_forest_lined_3_way, infiniplex_forest_lined_ring,
          infiniplex_forest_clump_small, infiniplex_forest_zigzag_2,
          infiniplex_forest_straight_3, first_bread, uniq_natasha, uniq_iyjb
D:3:      grunt_temple_overflow_gold_and_silver
D:4:      uniq_blork_the_orc, uniq_crazy_yiuf_cottage
D:5:      serial_shops, shop_fountains
D:6:      serial_glass, glass_columns_a, glass_columns_c, uniq_duvessa
D:7:      old_standard_altar, serial_shops, kennysheep_mini
D:8:      nemelex_xobeh_ov_fountains_minmay, minmay_lair_entry_grove
D:9:      hangedman_little_slice_of_home, fedhas_bush_and_centaur_altar
D:10:     minmay_cut_squares, basic_altar, lemuel_oklob_altar
Lair:1:   minivault_26, serial_bayou_shore_a
Lair:2:   basic_altar, lemuel_fruit_tree
Lair:3:   elwin_shoals_entry_rooms, beast_lair_carwin_7,
          minmay_lair_oklob_chamber, grunt_megastairs_2
Lair:4:   dragon1_lemuel, guppyfry_snake_entry_island, st_stairs_12,
          beast_lair_carwin_1, uniq_josephine
Lair:5:   dpeg_slime_entry_enclosed_altar, grunt_megastairs_1
Lair:6:   hangedman_lair_tendril_chambers, portal_ice_cave_entry_imps,
          serial_bayou_shore_b, grunt_megastairs_5
IceCv:    ice_cave_caverns_02

Skill      XL: |  1  2  3  4  5  6  7  8  9 10 11 12 13 |
---------------+----------------------------------------+-----
Axes           | 4 5 6 7 9 11 12 14 15 16 | 16.6
Fighting       | 4 5 6 7 8 9 10 11 12 | 12.4
Armour         | 3 4 5 6 8 9 10 11 12 | 12.2
Dodging        | 3 4 6 7 8 9 10 11 | 11.2
Shields        | 2 5 6 8 9 |  9.7

Action                   |  1- 3 |  4- 6 |  7- 9 | 10-12 | 13-15 || total
-------------------------+-------+-------+-------+-------+-------++-------
Melee: Hand axe          |    93 |   139 |   148 |       |       ||   380
       Headbutt          |    11 |    25 |    83 |   167 |   100 ||   386
       War axe           |       |       |   221 |   735 |   387 ||  1343
       Flail             |       |       |       |       |     7 ||     7
Invok: Berserk           |     2 |     1 |     3 |     2 |       ||     8
       Trog's Hand       |     1 |     1 |     2 |     6 |     1 ||    11
       Burn Spellbooks   |       |       |     1 |     5 |     3 ||     9
       Brothers in Arms  |       |       |       |       |     1 ||     1
Evoke: Wand              |       |       |       |       |     1 ||     1
  Use: Scroll            |       |     1 |     6 |    14 |       ||    21
       Potion            |       |       |       |       |     1 ||     1
 Stab: Distracted        |     1 |     1 |       |       |     1 ||     3
  Eat: Chunk             |     4 |     8 |    11 |    25 |     6 ||    54
       Meat ration       |       |       |     1 |       |       ||     1
       Royal jelly       |       |       |       |     2 |     1 ||     3
       Pizza             |       |       |       |     1 |       ||     1
       Beef jerky        |       |       |       |     1 |       ||     1
Armor: Animal skin       |    19 |    22 |       |       |       ||    41
       Leather armour    |       |     8 |     3 |       |       ||    11
       Ring mail         |       |       |    42 |       |       ||    42
       Chain mail        |       |       |    95 |   221 |    72 ||   388
       Plate armour      |       |       |       |       |    60 ||    60
Dodge: Dodged            |    60 |    79 |   174 |   250 |   131 ||   694
Block: Buckler           |       |       |    43 |   268 |       ||   311
       Reflection        |       |       |     1 |     7 |     8 ||    16
       Shield            |       |       |       |     3 |   312 ||   315

Vault maps used:
D:1:      dpeg_arrival_pond, minmay_close_crescents
D:2:      overflow_temple_1_default, serial_forest,
          infiniplex_forest_straight_4, infiniplex_forest_clump_diagonal,
          infiniplex_forest_clump_C, infiniplex_forest_end_3,
          infiniplex_forest_lined_3_way, infiniplex_forest_lined_ring,
          infiniplex_forest_clump_small, infiniplex_forest_zigzag_2,
          infiniplex_forest_straight_3, first_bread, uniq_natasha, uniq_iyjb
D:3:      grunt_temple_overflow_gold_and_silver
D:4:      uniq_blork_the_orc, uniq_crazy_yiuf_cottage
D:5:      serial_shops, shop_fountains
D:6:      serial_glass, glass_columns_a, glass_columns_c, uniq_duvessa
D:7:      old_standard_altar, serial_shops, kennysheep_mini
D:8:      nemelex_xobeh_ov_fountains_minmay, minmay_lair_entry_grove
D:9:      hangedman_little_slice_of_home, fedhas_bush_and_centaur_altar
D:10:     minmay_cut_squares, basic_altar, lemuel_oklob_altar
Lair:1:   minivault_26, serial_bayou_shore_a
Lair:2:   basic_altar, lemuel_fruit_tree
Lair:3:   elwin_shoals_entry_rooms, beast_lair_carwin_7,
          minmay_lair_oklob_chamber, grunt_megastairs_2
Lair:4:   dragon1_lemuel, guppyfry_snake_entry_island, st_stairs_12,
          beast_lair_carwin_1, uniq_josephine
Lair:5:   dpeg_slime_entry_enclosed_altar, grunt_megastairs_1
Lair:6:   hangedman_lair_tendril_chambers, portal_ice_cave_entry_imps,
          serial_bayou_shore_b, grunt_megastairs_5
IceCv:    ice_cave_caverns_02

Table legend:
 A = Turns spent in this place as a percentage of turns spent in the entire game.
 B = Non-inter-level travel turns spent in this place as a percentage of non-inter-level travel turns spent in the entire game.
 C = Inter-level travel turns spent in this place as a percentage of turns spent in this place.
 D = Turns resting spent in this place as a percentage of non-inter-level travel turns spent in this place.
 E = Turns spent auto-exploring this place as a percentage of non-inter-level travel turns spent in this place.
 F = Non-inter-level travel turns spent in this place divided by the number of levels of this place that you've seen.
                   A       B       C       D       E      F
               +-------+-------+-------+-------+-------+----------------------
         Total | 100.0 | 100.0 |   0.6 |   4.3 |   8.1 | 257.5
       Dungeon |  52.9 |  52.8 |   0.8 |   5.3 |  10.7 | 244.8
          Lair |  35.1 |  35.1 |   0.4 |   3.4 |   6.9 | 271.5
         Abyss |   1.1 |   1.1 |   0.0 |   0.0 |   0.0 |  52.0
      Ice Cave |  10.9 |  10.9 |   0.0 |   2.8 |   0.4 | 506.0
               +-------+-------+-------+-------+-------+----------------------

Table legend:
 A = Kills in this place as a percentage of kills in entire the game.
 B = Kills by you in this place as a percentage of kills by you in the entire game.
 C = Kills by friends in this place as a percentage of kills by friends in the entire game.
 D = Other kills in this place as a percentage of other kills in the entire game.
 E = Experience gained in this place as a percentage of experience gained in the entire game.
 F = Experience gained in this place divided by the number of levels of this place that you have seen.
                   A       B       C       D       E      F
               +-------+-------+-------+-------+-------+----------------------
         Total | 100.0 | 100.0 | 100.0 | 100.0 | 100.0 | 3199.1
       Dungeon |  58.3 |  58.3 |   0.0 | 100.0 |  23.6 | 1360.6
          Lair |  32.2 |  32.3 |   0.0 |   0.0 |  58.8 | 5642.8
      Ice Cave |   9.5 |   9.4 | 100.0 |   0.0 |  17.6 | 10121.0
               +-------+-------+-------+-------+-------+----------------------
